 Dungeon Crawl Stone Soup version 0.19-a0-1786-g230130f (webtiles) character file.

1638 Amnesiac the Thrower (level 8, 0/62 HPs)
             Began as a Minotaur Hunter on Oct 3, 2016.
             Was an Initiate of Okawaru.
             Slain by a wyvern (7 damage)
             ... on level 8 of the Dungeon.
             The game lasted 00:07:11 (3345 turns).

Amnesiac the Thrower (Minotaur Hunter)              Turns: 3345, Time: 00:07:11

Health: 0/62       AC: 19    Str: 17    XL:     8   Next: 66%
Magic:  7/7        EV: 10    Int:  8    God:    Okawaru [......]
Gold:   142        SH:  0    Dex: 13    Spells: 0 memorised, 7 levels left

rFire  x . .     SeeInvis .     b - +2 mace (protect)
rCold  + . .     Gourm    .     o - +3 scale mail
rNeg   . . .     Faith    .     (no shield)
rPois  .         Spirit   .     (helmet restricted)
rElec  .         Dismiss  +     x - +0 cloak
rCorr  .         Reflect  .     (no gloves)
MR     .....     Harm     .     C - +1 pair of boots
Stlth  ..........               u - amulet of dismissal
                                (no ring)
                                E - ring of ice

@: protection aura
A: retaliatory headbutt, horns 2
a: Renounce Religion


You were on level 8 of the Dungeon.
You worshipped Okawaru.
Okawaru was noncommittal.
You were completely stuffed.

You visited 2 branches of the dungeon, and saw 9 of its levels.

You collected 142 gold pieces.

Inventory:

Hand Weapons
 b - a +2 mace of protection (weapon)
 z - a +0 glaive
Missiles
 c - 3 javelins
 d - 6 poisoned javelins (quivered)
 v - 4 curare-tipped needles
Armour
 o - a +3 scale mail (worn)
 x - a +0 cloak (worn)
 C - a +1 pair of boots (worn)
Jewellery
 p - an uncursed amulet of the gourmand
 u - an amulet of dismissal (around neck)
 E - a ring of ice (left hand)
Wands
 g - a wand of heal wounds (4/9)
Scrolls
 a - a scroll of immolation {unknown}
 e - 4 scrolls of teleportation {unknown}
 j - a scroll of noise {unknown}
 l - a scroll of amnesia {unknown}
 r - a scroll of blinking {unknown}
 y - a scroll of magic mapping {unknown}
 B - a scroll of enchant weapon {unknown}
 F - a scroll of identify {unknown}
Potions
 h - a potion of berserk rage {unknown}
 k - 2 potions of might {unknown}
 m - a potion of flight {unknown}
 q - 2 potions of heal wounds {unknown}
 s - a potion of ambrosia {unknown}
 t - a potion of agility {unknown}
 A - a potion of curing {unknown}
Comestibles
 f - 6 bread rations
 i - a slice of pizza
 n - a beef jerky
 w - a meat ration
 D - 4 chunks of flesh


   Skills:
 - Level 2.4 Fighting
 + Level 11.5 Throwing
 - Level 2.1 Dodging
 - Level 0.7 Stealth


You had 7 spell levels left.
You didn't know any spells.

Dungeon Overview and Level Annotations

Branches:
Dungeon (8/15)             Temple (1/1) D:6
   Lair: D:8-11

Altars:
Ashenzari
Cheibriados
Dithmenos
Elyvilon
Hepliaklqana
Kikubaaqudgha
Makhleb
Nemelex Xobeh
Okawaru
Qazlal
Ru
Uskayaw
Vehumet
Yredelemnul
Zin
The Shining One

Shops:
D:6 *


Innate Abilities, Weirdness & Mutations

You reflexively headbutt those who attack you in melee.
You have a pair of horns on your head.


Message History

The wyvern is heavily wounded.
The wyvern bites you but does no damage. x2
You hit the wyvern. You headbutt the wyvern.
The wyvern is almost dead.
The wyvern barely misses you.
The wyvern bites you but does no damage.
You hit the wyvern.
The wyvern is almost dead.
The wyvern bites you!
* * * LOW HITPOINT WARNING * * *
The wyvern bites you but does no damage.
Throwing (i - inventory. (,) - cycle):
d - 7 poisoned javelins (quivered)
Press: ? - help, Shift-Dir - straight line, f - wyvern
Aim: a wyvern (almost dead)
You throw a poisoned javelin.
The poisoned javelin closely misses the wyvern.
You hear a sizzling splash.
The wyvern bites you but does no damage.
The wyvern bites you!
You die...

#.#.# #.............# #.
###.#...#.#..####.......# #.
.......<..#..####.......####.
......#####..#...............
...............##.......#####
......#####..#######....#
......#####..#§≈§≈≈#....#
.............#≈§§≈≈#....#
.##.######..@l.._.≈##...#
...........#≈≈.≈≈##...#
...........#≈≈≈§≈##...#
..######.#.########...#####
#.#.#.#....#.......#
#######.#.#...#.########.#
........#.###.#..........#
..........#........#######
..........................


You could see a wyvern.

Vanquished Creatures
  Prince Ribbit (D:5)
  Duvessa (D:5)
  2 orc warriors
  An ice beast (D:5)
  A black bear (D:6)
  An ogre (D:5)
  A bullfrog (D:4)
  3 scorpions
  Dowan (D:5)
  A crimson imp (D:5)
  A centaur zombie (D:6)
  A bullfrog zombie (D:5)
  2 hounds
  3 orc priests
  3 jellies
  3 orc wizards
  3 worker ants
  4 gnolls (D:4)
  6 adders
  An adder zombie (D:5)
  An adder skeleton (D:6)
  A leopard gecko (D:5)
  19 orcs
  A ball python (D:4)
  A giant cockroach (D:5)
  A quokka (D:4)
  2 frilled lizards (D:4)
  A rat (D:3)
67 creatures vanquished.

Notes
Turn   | Place    | Note
-------+----------+-------------------------------------------
     0 | D:1      | Amnesiac the Minotaur Hunter began the quest for the Orb.
     0 | D:1      | Reached XP level 1. HP: 18/18 MP: 0/0
   116 | D:2      | Reached XP level 2. HP: 25/25 MP: 1/1
   157 | D:3      | Found a burning altar of Makhleb.
   167 | D:3      | Reached skill level 5 in Throwing
   167 | D:3      | Reached XP level 3. HP: 7/30 MP: 2/2
   387 | D:4      | Noticed a bullfrog
   391 | D:4      | Killed a bullfrog
   391 | D:4      | Reached skill level 6 in Throwing
   391 | D:4      | Reached XP level 4. HP: 37/37 MP: 3/3
   469 | D:4      | Reached XP level 5. HP: 24/42 MP: 4/4
  1027 | D:4      | Reached skill level 7 in Throwing
  1131 | D:5      | Entered Level 5 of the Dungeon
  1148 | D:5      | Reached XP level 6. HP: 41/50 MP: 5/5
  1235 | D:5      | Noticed an ice beast
  1241 | D:5      | Killed an ice beast
  1383 | D:5      | Reached skill level 8 in Throwing
  1653 | D:5      | Noticed Prince Ribbit
  1677 | D:5      | Noticed Dowan
  1699 | D:5      | Killed Dowan
  1699 | D:5      | Reached XP level 7. HP: 41/56 MP: 6/6
  1852 | D:5      | Noticed Duvessa
  1957 | D:5      | Killed Duvessa
  1957 | D:5      | Reached skill level 9 in Throwing
  2264 | D:5      | Killed Prince Ribbit
  2264 | D:5      | Reached skill level 10 in Throwing
  2266 | D:5      | Reached XP level 8. HP: 56/62 MP: 7/7
  2517 | D:6      | Found Buodez's General Store.
  2771 | D:6      | Reached skill level 11 in Throwing
  2904 | D:6      | Found a staircase to the Ecumenical Temple.
  2920 | Temple   | Entered the Ecumenical Temple
  3026 | Temple   | Became a worshipper of Warmaster Okawaru
  3332 | D:8      | Found a snail-covered altar of Cheibriados.
  3345 | D:8      | Slain by a wyvern

Vault maps used:
D:1:      wheals_arrival_linesprint, minmay_hedge_maze
D:2:      lemuel_doored_altar, uniq_sigmund
D:3:      gammafunk_temple_overflow_forgotten, first_bread,
          hangedman_abyss_or_decor_lesser_grid, makhleb_heckhound_becter
D:5:      uniq_prince_ribbit1, uniq_duvessa
D:6:      serial_shops, nicolae_shop_crystal, nicolae_shop_window_shopping,
          nicolae_shop_window_shopping
D:7:      serial_undead, serial_undead_b, serial_undead_e, serial_undead_e,
          serial_undead_c
D:8:      minmay_curly_fans, kennysheep_little_box, grunt_ogre_cave,
          minmay_stone_trees_medium, uniq_erica
Temple:   regret_index_temple_waves

Skill      XL: |  1  2  3  4  5  6  7  8 |
---------------+-------------------------+-----
Throwing       | 5 6 7 8 10 11 | 11.5
Fighting       | |  2.4
Dodging        | |  2.1
Stealth        | |  0.7

Action                   |  1- 3 |  4- 6 |  7- 9 || total
-------------------------+-------+-------+-------++-------
Melee: Short sword       |     4 |    13 |       ||    17
       Headbutt          |       |     9 |    24 ||    33
       Long sword        |       |    15 |       ||    15
       Mace              |       |    31 |   115 ||   146
Throw: Javelin           |    13 |    29 |    28 ||    70
       Throwing net      |     2 |     1 |       ||     3
  Eat: Chunk             |       |    16 |     6 ||    22
Armor: Leather armour    |     2 |     4 |       ||     6
       Chain mail        |       |    17 |       ||    17
       Scale mail        |       |    19 |    72 ||    91
Dodge: Dodged            |     7 |    39 |    69 ||   115
       Rpst.: Long sword |       |     4 |       ||     4
